Map: Cyber Forest LE

Players

Miqhaelso

  • Race: Protoss Protoss
  • Spawn Location: 5:00

ZaZen - Winner!

  • Race: Terran Terran
  • League: Silver
  • Spawn Location: 11:00

VOD

Have the link to the VOD?

Description

Time

  • Played on: May 18, 2019, 11:25 a.m.
  • Length: 4:06
Show
View Real Time Build Order
Export as new Build Order

Miqhaelso Protoss 

Build Orders:  

Get SALT Encoding   

  12  0:01  Probe  
  13  0:13  Probe  
  14  0:19  Pylon  
  14  0:27  Probe  
  15  0:39  Probe  
  16  0:50  Gateway  
  16  0:51  Probe  
  17  0:57  Assimilator  
  17  1:03  Probe  
  18  1:12  Pylon  
  18  1:15  Probe  
  19  1:27  Probe  
  19  1:39  Probe  
  20  1:46  Cybernetics Core  
  20  1:50  Pylon  
  20  1:52  Probe  
  21  2:04  Probe  
  22  2:16  Probe  
  23  2:23  Robotics Facility  
  23  2:29  Assimilator, Probe  
  24  2:37  Pylon  
  24  2:43  Pylon  
  24  3:00  Robotics Facility  
  24  3:25  Pylon  
  24  3:28  Pylon  
  24  3:30  Pylon  
  24  3:35  Robotics Bay  
Show
View Real Time Build Order
Export as new Build Order

ZaZen Terran - Winner!

Build Orders:  

Get SALT Encoding   

  12  0:01  SCV  
  13  0:14  SCV  
  14  0:17  Supply Depot  
  14  0:27  Refinery  
  14  0:29  SCV  
  15  0:41  Barracks  
  15  0:45  SCV  
  16  1:02  SCV, Refinery  
  17  1:33  Reaper  
  18  1:40  Orbital Command  
  18  1:43  Factory  
  18  2:05  Reaper  
  19  2:10  SCV  
  20  2:21  Supply Depot  
  20  2:23  SCV  
  20  2:27  Hellion  
  23  2:45  Reaper  
  23  2:46  Command Center  
  23  2:49  Hellion  
  26  2:51  Supply Depot  
  26  3:06  Starport  
  26  3:07  SCV  
  27  3:20  SCV  
  27  3:26  Factory Tech Lab  
  28  3:29  Barracks Reactor  
  28  3:36  SCV  
  29  3:48  SCV  
Tags
 
Add a new tag
Caveats
  • Supply blocks, unpowered buildings, or Contaminate may cause inaccurate times.
  • Supply counts are checked every 10 seconds.